 Dungeon Crawl Stone Soup version 0.28-a0-983-g1de4e0787c (webtiles) character file.

Game seed: 10010733201441429445

1824 Gargoyl the Skirmisher (level 9, -7/73 HPs)
             Began as a Gnoll Abyssal Knight on Dec 3, 2021.
             Was a Believer of Lugonu.
             Mangled by a komodo dragon (17 damage)
             ... on level 6 of the Dungeon.
             The game lasted 00:12:04 (6891 turns).

Gargoyl the Skirmisher (Gnoll Abyssal Knight)       Turns: 6891, Time: 00:12:04

Health: -7/73      AC: 10    Str: 20    XL:     9   Next: 11%
Magic:  14/14      EV: 12    Int:  9    God:    Lugonu [**....]
Gold:   135        SH: 10    Dex: 12    Spells: 15/15 levels left

rFire   . . .      SeeInvis +   p - +1 war axe (freeze)
rCold   . . .      Faith    .   h - +0 buckler
rNeg    . . .      Spirit   .   j - +1 ring mail of Infinity {rPois}
rPois   +          Reflect  +   m - +0 helmet
rElec   .          Harm     .   k - +1 cloak
rCorr   .          Rampage  .   (no gloves)
Will    .....                   (no boots)
Stlth   ++........              c - amulet of reflection
HPRegen 0.22/turn               f - ring of see invisible
MPRegen 0.14/turn               (no ring)

@: no status effects
A: fangs 1, strong nose, distributed training, strong 1, MP-powered wands
a: Renounce Religion, Depart the Abyss, Bend Space


You were on level 6 of the Dungeon.
You worshipped Lugonu.
Lugonu was pleased with you.
You visited 1 branch of the dungeon, and saw 6 of its levels.
You visited the Abyss 1 time.

You collected 454 gold pieces.
You spent 319 gold pieces at shops.

Inventory:

Hand Weapons
 a - a +3 hand axe
 p - a +1 war axe of freezing (weapon)
Missiles
 d - 5 boomerangs
 q - an atropa-tipped dart (quivered)
Armour
 h - a +0 buckler (worn)
 j - the +1 ring mail of Infinity (worn) {rPois}
   (You bought it in a shop on level 4 of the Dungeon)

   rPois:     It protects you from poison.
 k - a +1 cloak (worn)
 m - a +0 helmet (worn)
Jewellery
 c - an amulet of reflection (around neck)
 f - a ring of see invisible (left hand)
 o - a +6 ring of dexterity
 r - a ring of poison resistance
Scrolls
 b - a scroll of identify
 e - a scroll of fog {unknown}
 l - 2 scrolls of immolation {unknown}
Potions
 g - 2 potions of flight
 i - a potion of cancellation
 n - 2 potions of curing
 s - a potion of berserk rage {unknown}


   Skills:
 + Level 7.7 Fighting
 + Level 3.9 Short Blades
 + Level 3.9 Long Blades
 + Level 6.1 Axes
 + Level 3.9 Maces & Flails
 + Level 3.9 Polearms
 + Level 3.9 Staves
 + Level 3.9 Slings
 + Level 3.9 Bows
 + Level 3.9 Crossbows
 + Level 3.9 Throwing
 + Level 6.1 Armour
 + Level 4.7 Dodging
 + Level 3.9 Stealth
 + Level 3.9 Shields
 + Level 3.9 Unarmed Combat
 + Level 3.9 Spellcasting
 + Level 3.2 Conjurations
 + Level 3.2 Hexes
 + Level 3.2 Summonings
 + Level 3.2 Necromancy
 + Level 3.2 Translocations
 + Level 3.2 Transmutations
 + Level 3.2 Fire Magic
 + Level 3.2 Ice Magic
 + Level 3.2 Air Magic
 + Level 3.2 Earth Magic
 + Level 3.2 Poison Magic
 + Level 6.3 Invocations
 + Level 3.9 Evocations


You had 15 spell levels left.
You didn't know any spells.
Your spell library contained the following spells:

 Spells                   Type           Power      Damage    Failure   Level
 Beastly Appendage        Tmut           14%        N/A       12%         1
 Ensorcelled Hibernation  Hex/Ice        14%        N/A       19%         2
 Wereblood                Tmut           7%         N/A       19%         2
 Spider Form              Tmut/Pois      7%         N/A       34%         3


Dungeon Overview and Level Annotations

Branches:
Dungeon (6/15)             Temple (0/1) D:4

Altars:
Ashenzari
Dithmenos
Gozag
Sif Muna
Uskayaw
Wu Jian
Yredelemnul

Shops:
D:3 *   D:4 [


Innate Abilities, Weirdness & Mutations

You have very sharp teeth.
Your uncanny sense of smell can sniff out nearby items.
Your experience applies equally to all skills.
Your muscles are strong. (Str +2)
You expend magic power (3 MP) to strengthen your wands.


Message History

You closely miss the komodo dragon.
The komodo dragon is lightly wounded.
The komodo dragon misses you.
You closely miss the komodo dragon.
The komodo dragon is lightly wounded.
The komodo dragon barely misses you.
You hit the komodo dragon. You freeze the komodo dragon.
The komodo dragon is lightly wounded.
You block the komodo dragon's attack. The komodo dragon barely misses you.
You closely miss the komodo dragon.
The komodo dragon is lightly wounded.
The komodo dragon bites you.
You hit the komodo dragon but do no damage.
You bite the komodo dragon, but do no damage.
The komodo dragon is lightly wounded.
The komodo dragon bites you!
* * * LOW HITPOINT WARNING * * *
Space bends sharply around you!
You blink.
Throw: 2 darts (atropa)
Press: ? - help, Q - select action, (/) - cycle Shift-Dir - straight line, f/p - komodo dragon
Aim: a komodo dragon (lightly wounded, 69% to hit, chance to blind on hit: 35%)
You throw an atropa-tipped dart.
The atropa-tipped dart hits the komodo dragon.
The komodo dragon appears confused.
The komodo dragon is lightly wounded.
The komodo dragon seems less confused.
The komodo dragon bites you!
* * * LOW HITPOINT WARNING * * *
You see here an atropa-tipped dart.
You hit the komodo dragon but do no damage.
The komodo dragon is lightly wounded.
You block the komodo dragon's attack.
Your ring mail of Infinity prevents you from hitting the komodo dragon.
The komodo dragon is lightly wounded.
You block the komodo dragon's attack.
You completely miss the komodo dragon.
The komodo dragon is lightly wounded.
The komodo dragon is no longer blind.
The komodo dragon bites you but does no damage.
The komodo dragon bites you!
You die...

##### ######...#
#### #........#
#... #..###...#
#... #.#(.#...#
#... #l..#....#
#... #@##..#..#
#._8
#..#.#...######...
#............##...
#.##.........####.
#............# #.
########.##.## ##
#.##.######
##.##......)
##..#########


You could see a komodo dragon.

Vanquished Creatures
  Prince Ribbit (D:6)
  2 sky beasts
  2 orc warriors
  A necrophage (D:5)
  3 ogres
  Blork the orc (D:6)
  A bullfrog (D:6)
  2 scorpions
  A water moccasin zombie (D:6)
  A water moccasin skeleton (D:6)
  2 orc priests
  2 hounds
  A bullfrog skeleton (D:6)
  Natasha (thrice) (D:4)
  3 iguanas
  3 orc wizards
  A scorpion zombie (D:5)
  A hound skeleton (D:5)
  5 adders
  4 gnolls
  A white imp (D:6)
  2 adder skeletons (D:4)
  A worm (D:3)
  A dart slug (D:2)
  13 orcs
  8 endoplasms
  3 giant cockroaches
  8 goblins
  10 hobgoblins
  3 quokkas
  4 ball pythons
  6 bats
  5 frilled lizards
  4 kobolds
  4 rats
113 creatures vanquished.

Vanquished Creatures (others)
  3 toadstools (D:3)
3 creatures vanquished.

Grand Total: 116 creatures vanquished

Notes
Turn   | Place    | Note
-------+----------+-------------------------------------------
     0 | Abyss:1  | Gargoyl the Gnoll Abyssal Knight began the quest for the
                  | Orb.
     0 | Abyss:1  | Reached XP level 1. HP: 23/23 MP: 3/3
    14 | Abyss:1  | Found a candlelit altar of Ignis.
    86 | Abyss:1  | Noticed a small abomination
    87 | Abyss:1  | Identified a scroll of acquirement
    87 | Abyss:1  | Acquired an amulet of reflection
    89 | D:1      | Escaped the Abyss
   347 | D:1      | Reached XP level 2. HP: 29/29 MP: 5/5
   424 | D:1      | Reached * piety under Lugonu
   846 | D:2      | Reached XP level 3. HP: 35/35 MP: 6/6
  1676 | D:3      | Found a basalt altar of Yredelemnul.
  1718 | D:3      | Reached skill level 1 in Short Blades
  1718 | D:3      | Reached skill level 1 in Long Blades
  1718 | D:3      | Reached skill level 1 in Maces & Flails
  1718 | D:3      | Reached skill level 1 in Polearms
  1718 | D:3      | Reached skill level 1 in Staves
  1718 | D:3      | Reached skill level 1 in Slings
  1718 | D:3      | Reached skill level 1 in Bows
  1718 | D:3      | Reached skill level 1 in Crossbows
  1718 | D:3      | Reached skill level 1 in Throwing
  1718 | D:3      | Reached skill level 1 in Stealth
  1718 | D:3      | Reached skill level 1 in Shields
  1718 | D:3      | Reached skill level 1 in Unarmed Combat
  1718 | D:3      | Reached skill level 1 in Spellcasting
  1718 | D:3      | Reached skill level 1 in Evocations
  1843 | D:3      | Reached XP level 4. HP: 41/41 MP: 7/7
  2113 | D:3      | Found Xoytyluc's General Store.
  2120 | D:3      | Bought a +0 helmet for 58 gold pieces
  2518 | D:3      | Reached skill level 1 in Conjurations
  2518 | D:3      | Reached skill level 1 in Hexes
  2518 | D:3      | Reached skill level 1 in Summonings
  2518 | D:3      | Reached skill level 1 in Necromancy
  2518 | D:3      | Reached skill level 1 in Translocations
  2518 | D:3      | Reached skill level 1 in Transmutations
  2518 | D:3      | Reached skill level 1 in Fire Magic
  2518 | D:3      | Reached skill level 1 in Ice Magic
  2518 | D:3      | Reached skill level 1 in Air Magic
  2518 | D:3      | Reached skill level 1 in Earth Magic
  2518 | D:3      | Reached skill level 1 in Poison Magic
  2843 | D:4      | Reached XP level 5. HP: 47/47 MP: 8/8
  2846 | D:4      | Reached ** piety under Lugonu
  2847 | D:4      | Noticed an ogre
  2862 | D:4      | Noticed Natasha
  2863 | D:4      | Found a staircase to the Ecumenical Temple.
  2888 | D:5      | Entered Level 5 of the Dungeon
  3182 | D:5      | Found a broken altar of Ashenzari.
  3184 | D:5      | Found a hide-covered altar of Uskayaw.
  3201 | D:5      | Noticed a necrophage
  3215 | D:5      | Killed a necrophage
  3216 | D:5      | Reached skill level 5 in Invocations
  3216 | D:5      | Reached XP level 6. HP: 49/53 MP: 9/9
  3268 | D:5      | Reached skill level 5 in Axes
  3268 | D:5      | Reached skill level 5 in Armour
  3308 | D:5      | Noticed a sky beast
  3353 | D:5      | Killed a sky beast
  3354 | D:5      | Reached XP level 7. HP: 9/59 MP: 10/10
  3641 | D:5      | Reached skill level 7 in Fighting
  4027 | D:4      | Killed Natasha
  4091 | D:4      | Noticed Natasha
  4225 | D:4      | Killed Natasha
  4282 | D:5      | Gained mutation: Your spells are a little harder to cast,
                  | but a little more powerful. [potion of mutation]
  4282 | D:5      | Gained mutation: Your muscles are strong. (Str +2) [potion
                  | of mutation]
  4282 | D:5      | Lost mutation: Your spells are a little harder to cast, but
                  | a little more powerful. [potion of mutation]
  4282 | D:5      | Gained mutation: You expend magic power (3 MP) to
                  | strengthen your wands. [potion of mutation]
  4608 | D:4      | Reached XP level 8. HP: 48/67 MP: 12/12
  4689 | D:4      | Noticed Natasha
  4698 | D:4      | Killed Natasha
  4945 | D:4      | Found a shadowy altar of Dithmenos.
  5146 | D:4      | Found an ornate altar of the Wu Jian Council.
  5166 | D:4      | Found Jinwis's Antique Armour Boutique.
  5174 | D:4      | Bought a masterwork ring mail for 261 gold pieces
  5174 | D:4      | Identified the +1 ring mail of Infinity {rPois} (You bought
                  | it in a shop on level 4 of the Dungeon)
  5909 | D:6      | Noticed a komodo dragon
  6127 | D:6      | Noticed Prince Ribbit
  6151 | D:6      | Killed Prince Ribbit
  6313 | D:6      | Noticed Blork the orc
  6330 | D:6      | Killed Blork the orc
  6474 | D:6      | Found an opulent altar of Gozag.
  6474 | D:6      | Found a shimmering blue altar of Sif Muna.
  6511 | D:6      | Reached XP level 9. HP: 61/73 MP: 14/14
  6891 | D:6      | Mangled by a komodo dragon

Illustrated notes

Levels and vault maps discovered:
D:1:      amcnicky_arrival_single_pillar, layout_rooms, minivault_11
D:2:      layout_loops_cross, hex_medium, minmay_misc_feat_hallway
D:3:      layout_loops_cross, yredelemnul_altar_generic, serial_shops, shop,
          supply_closet_lemuel, minmay_misc_feat_five,
          hangedman_decor_peaks_small, nicolae_concentric_dashed_squares_wild,
          minmay_gold_behind_fungi, hangedman_decor_push,
          kennysheep_generic_room_5
D:4:      kennysheep_the_goblin_king, layout_loops_ring,
          mainiacjoe_overflow_alcove_2, grunt_dithmenos_smoke_and_mirrors,
          minmay_temple_entry_stoned_glass, serial_shops, shop, st_stairs_6,
          guppyfry_early_orc_mine, uniq_natasha
D:5:      layout_rooms, jmf_multi_god_temple
D:6:      layout_rooms, chequers_temple_overflow_statue_of_worship,
          nicolae_concentric_dashed_squares_mild, minmay_misc_feat_square,
          uniq_blork_the_orc, uniq_prince_ribbit1

Skill      XL: |  1  2  3  4  5  6  7  8 |
---------------+-------------------------+-----
Short Blades   | 1 2 3 |  3.9
Long Blades    | 1 2 3 |  3.9
Maces & Flails | 1 2 3 |  3.9
Polearms       | 1 2 3 |  3.9
Staves         | 1 2 3 |  3.9
Slings         | 1 2 3 |  3.9
Bows           | 1 2 3 |  3.9
Crossbows      | 1 2 3 |  3.9
Throwing       | 1 2 3 |  3.9
Stealth        | 1 2 3 |  3.9
Shields        | 1 2 3 |  3.9
Unarmed Combat | 1 2 3 |  3.9
Spellcasting   | 1 2 3 |  3.9
Evocations     | 1 2 3 |  3.9
Conjurations   | 1 2 3 |  3.2
Hexes          | 1 2 3 |  3.2
Summonings     | 1 2 3 |  3.2
Necromancy     | 1 2 3 |  3.2
Translocations | 1 2 3 |  3.2
Transmutations | 1 2 3 |  3.2
Fire Magic     | 1 2 3 |  3.2
Ice Magic      | 1 2 3 |  3.2
Air Magic      | 1 2 3 |  3.2
Earth Magic    | 1 2 3 |  3.2
Poison Magic   | 1 2 3 |  3.2
Dodging        | 3 4 |  4.7
Invocations    | 5 6 |  6.3
Axes           | 5 6 |  6.1
Armour         | 5 6 |  6.1
Fighting       | 7 |  7.7

Action                   |  1- 3 |  4- 6 |  7- 9 || total
-------------------------+-------+-------+-------++-------
Melee: Hand axe          |   126 |   166 |   215 ||   507
       Bite              |     5 |    24 |    31 ||    60
       War axe           |       |       |    35 ||    35
Throw: Dart              |       |       |    13 ||    13
       Boomerang         |       |       |     3 ||     3
Invok: Depart the Abyss  |     1 |       |       ||     1
       Bend Space        |       |       |     1 ||     1
  Use: Scroll            |     6 |     5 |     2 ||    13
       Potion            |     1 |     1 |     7 ||     9
 Stab: Invisible         |       |       |     2 ||     2
Armor: Leather armour    |    25 |       |       ||    25
       Ring mail         |    15 |    57 |    53 ||   125
       Chain mail        |       |       |    13 ||    13
Dodge: Dodged            |    67 |    81 |    75 ||   223
Block: Other             |     7 |       |       ||     7
       Buckler           |    60 |    70 |   106 ||   236
       Reflection        |     1 |       |     2 ||     3

Table legend: (Time is in decaauts)
 A = Elapsed time spent in this place.
 B = Non-inter-level travel time spent in this place.
 C = Inter-level travel time spent in this place.
 D = Time resting spent in this place.
 E = Time spent auto-exploring this place.
 F = Levels seen in this place.
 G = Mean time per level.
                   A        B        C        D        E       F      G
               +--------+--------+--------+--------+--------+-----+--------+
         Total |   6924 |   6765 |    159 |   1411 |   3945 |   7 |  989.1 |
       Dungeon |   6835 |   6676 |    159 |   1411 |   3871 |   6 | 1139.2 |
         Abyss |     89 |     89 |      0 |      0 |     74 |   1 |   89.0 |
               +--------+--------+--------+--------+--------+-----+--------+

Top non-repeatable levels by time:
     D:6: 1637 daAuts
     D:5: 1563 daAuts
     D:3: 1269 daAuts
     D:4: 1004 daAuts
     D:2: 703 daAuts
     D:1: 657 daAuts
 Abyss:1: 89 daAuts
